 Dungeon Crawl Stone Soup version 0.27-a0-797-g27d10ad80f (webtiles) character file.

Game seed: 906793128395708094

3682 rageheart7 the Fighter (level 9, 0/82 HPs)
             Began as a Demonspawn Wanderer on Mar 28, 2021.
             Was an Initiate of Gozag.
             Killed from afar by a steam dragon (14 damage)
             ... with a ball of steam
             ... on level 7 of the Dungeon.
             The game lasted 00:14:01 (8614 turns).

rageheart7 the Fighter (Demonspawn Wanderer)        Turns: 8614, Time: 00:14:02

Health: 0/82       AC: 10    Str: 15    XL:     9   Next: 90%
Magic:  10/17      EV: 10    Int: 20    God:    Gozag
Gold:   809        SH:  0    Dex: 13    Spells: 17/19 levels left

rFire    . . .     SeeInvis .   b - +2 rapier (freeze)
rCold    . . .     Faith    .   (no shield)
rNeg     . . .     Spirit   .   c - +0 ring mail
rPois    .         Reflect  .   (helmet restricted)
rElec    .         Harm     .   y - +0 cloak
rCorr    .         Rampage  .   (no gloves)
Will     +....                  (no boots)
Stlth    +.........             (no amulet)
HPRegen  1.23/turn              d - ring of willpower
MPRegen  0.15/turn              q - +6 ring of intelligence

@: gold aura
A: antennae 2, iridescent scales 2, demonic guardian 1, powered by death 1
a: Renounce Religion, Potion Petition, Call Merchant, Bribe Branch


You were on level 7 of the Dungeon.
You worshipped Gozag.
Gozag was pleased with you.
You visited 1 branch of the dungeon, and saw 7 of its levels.

You collected 850 gold pieces.
You paid 41 gold pieces to Gozag.

Inventory:

Hand Weapons
 b - a +2 rapier of freezing (weapon)
 l - a +2 dagger of electrocution
Armour
 c - a +0 ring mail (worn)
 e - a +0 tower shield
 y - a +0 cloak (worn)
Magical Staves
 k - a staff of poison
Jewellery
 d - a ring of willpower (left hand)
 q - a +6 ring of intelligence (right hand)
Wands
 m - a wand of random effects (6)
 r - a wand of mindburst (11)
 t - a wand of paralysis (7)
 z - a wand of charming (6)
Scrolls
 a - 4 scrolls of teleportation
 f - 2 scrolls of fog {unknown}
 h - 3 scrolls of identify {unknown}
 i - 2 scrolls of noise {unknown}
 j - a scroll of immolation {unknown}
 o - a scroll of blinking {unknown}
 s - a scroll of enchant weapon {unknown}
 x - a scroll of torment {unknown}
 B - a scroll of vulnerability {unknown}
Potions
 g - a potion of flight
 n - a potion of might
 p - a potion of cancellation {unknown}
 u - 2 potions of mutation {unknown}
 w - a potion of curing {unknown}
 A - 2 potions of magic {unknown}


   Skills:
 * Level 11.6 Fighting
 - Level 1.0 Maces & Flails
 - Level 2.6 Armour
 - Level 1.7 Stealth
 * Level 5.5 Spellcasting
 * Level 6.1 Summonings


You had 17 spell levels left.
You knew the following spells:

 Your Spells              Type           Power      Damage    Failure   Level
a - Call Imp              Summ           30%        N/A       2%          2

Your spell library contained the following spells:

 Spells                   Type           Power      Damage    Failure   Level
 Summon Small Mammal      Summ           100%       N/A       1%          1
 Call Canine Familiar     Summ           30%        N/A       4%          3
 Summon Guardian Golem    Hex/Summ       17%        N/A       19%         3
 Animate Skeleton         Necr           10%        N/A       22%         1
 Apportation              Tloc           10%        N/A       22%         1
 Corona                   Hex            5%         N/A       22%         1
 Summon Ice Beast         Ice/Summ       17%        N/A       52%         4
 Summon Lightning Spire   Summ/Air       17%        N/A       52%         4
 Confusing Touch          Hex            5%         N/A       54%         3
 Gell's Gravitas          Tloc           2%         N/A       54%         3
 Petrify                  Tmut/Erth      5%         N/A       91%         4
 Metabolic Englaciation   Hex/Ice        2%         N/A       99%         5
 Yara's Violent Unravell  Hex/Tmut       2%         3d3       99%         5


Dungeon Overview and Level Annotations

Branches:
Dungeon (7/15)             Temple (0/1) D:5

Altars:
Gozag
Wu Jian
Xom
Yredelemnul

Shops:
D:1 :

Annotations:
D:6 2 runed translucent doors, Crazy Yiuf; dickylongcocking's ghost, novice DjTm
D:7 Joseph


Innate Abilities, Weirdness & Mutations

You have a pair of antennae on your head.
You are mostly covered in iridescent scales. (AC +4)
A weak demonic guardian rushes to your aid.
You regenerate a little health from kills.


Message History

Your crimson imp hits the boulder beetle but does no damage.
Your quasit bites the necrophage.
Your quasit claws the necrophage.
Your quasit claws the necrophage but does no damage.
The boulder beetle bites you.
The necrophage is engulfed in a cloud of scalding steam.
The necrophage hits you but does no damage.
You closely miss the steam dragon.
The steam dragon is almost dead.
The bullfrog is engulfed in a cloud of scalding steam.
The bullfrog barely misses you.
Your quasit bites the necrophage.
Your quasit barely misses the necrophage.
Your quasit closely misses the necrophage.
The steam dragon bites you but does no damage.
The steam dragon claws you but does no damage.
Your crimson imp hits the boulder beetle but does no damage.
The bullfrog is engulfed in a cloud of scalding steam.
The bullfrog closely misses you. The boulder beetle bites you!!
* * * LOW HITPOINT WARNING * * *
The necrophage is engulfed in a cloud of scalding steam.
The necrophage closely misses your quasit.
The steam dragon bites you but does no damage.
The steam dragon barely misses you.
Your quasit bites the necrophage but does no damage.
Your quasit claws the necrophage.
The necrophage is destroyed!
Your crimson imp hits the boulder beetle but does no damage.
The bullfrog is engulfed in a cloud of scalding steam.
The bullfrog dies!
The boulder beetle curls into a ball and begins rolling!
Your crimson imp closely misses the steam dragon.
Your quasit bites the steam dragon but does no damage.
Your quasit closely misses the steam dragon.
Your quasit claws the steam dragon but does no damage.
The boulder beetle hits your crimson imp!!!
Your crimson imp dies!
The boulder beetle stops rolling and uncurls.
The steam dragon breathes steam at you. The ball of steam hits you!
You die...
Your body crumbles into a pile of gold.

......#..................^#
.#...####.................#
##.#..###.................#
.B.##.....................#
5#........................#
#####......)...<.....<#
##.......#..........<##
.{.##.......§$B$......#
{.##..##.....5D§@!....#
#5...##!.##.§$........#
##...#..###.§.§...$...#
.#...# #.....§$[...# ....##
#.....§.§[.## ..#...
##?........##
..###.##.....######
F........_...#
#...........#


You could see a boulder beetle, a steam dragon (catching breath, ally target)
and a friendly quasit (summoned).

Vanquished Creatures
  Grinder (D:5)
  A wyvern (D:7)
  Eustachio (D:5)
  Menkaure (D:6)
  An acid dragon (D:6)
  Edmund (D:6)
  A water moccasin (D:6)
  An orc warrior (D:7)
  4 ice beasts
  A sky beast (D:5)
  4 lemures
  A gnoll sergeant (D:6)
  3 bullfrogs
  A water moccasin skeleton (D:7)
  3 scorpions (D:5)
  A howler monkey (D:6)
  2 wights (D:6)
  A jelly (D:6)
  A centaur zombie (D:6)
  A bullfrog zombie (D:5)
  3 hounds
  A centaur skeleton (D:5)
  An orc priest (D:6)
  3 iguanas
  An orc wizard (D:6)
  A killer bee zombie (D:6)
  A hound skeleton (D:4)
  A howler monkey skeleton (D:6)
  2 gnolls (D:6)
  4 adders
  3 ufetubi
  A worm (D:2)
  A dart slug (D:4)
  6 orcs
  6 ball pythons
  3 endoplasms
  2 giant cockroaches (D:1)
  9 goblins
  7 hobgoblins
  7 jackals
  6 quokkas
  8 bats
  A frilled lizard (D:1)
  8 kobolds
  3 rats
120 creatures vanquished.

Vanquished Creatures (collateral kills)
  A two-headed ogre (D:6)
  Pikel (D:6)
  An orc warrior (D:7)
  A sky beast (D:7)
  A necrophage (D:7)
  An ice beast (D:6)
  An ogre (D:6)
  A wyvern skeleton (D:7)
  A wight (D:6)
  A centaur zombie (D:6)
  A jelly (D:6)
  An iguana (D:4)
  A gnoll (D:6)
  An adder (D:6)
  2 orcs (D:6)
16 creatures vanquished.

Vanquished Creatures (others)
  A bullfrog (D:7)
  A butterfly (D:7)
2 creatures vanquished.

Grand Total: 138 creatures vanquished

Notes
Turn   | Place    | Note
-------+----------+-------------------------------------------
     0 | D:1      | rageheart7 the Demonspawn Wanderer began the quest for the
                  | Orb.
     0 | D:1      | rageheart7 set off with the following items: a +2 dagger, a
                  | potion of berserk rage, a +0 ring mail, a +0 mace
     0 | D:1      | Reached XP level 1. HP: 19/19 MP: 1/1
   331 | D:1      | Gained mutation: You are partially covered in iridescent
                  | scales. (AC +2) [demonic ancestry]
   331 | D:1      | Reached XP level 2. HP: 16/26 MP: 2/2
   820 | D:1      | Found Axkyh's Book Shoppe.
   824 | D:1      | Reached skill level 5 in Fighting
   898 | D:1      | Gained mutation: You have a pair of small antennae on your
                  | head. [demonic ancestry]
   898 | D:1      | Reached XP level 3. HP: 31/33 MP: 3/3
  2225 | D:3      | Gained mutation: You are mostly covered in iridescent
                  | scales. (AC +4) [demonic ancestry]
  2225 | D:3      | Reached XP level 4. HP: 40/40 MP: 4/4
  2286 | D:3      | Found an opulent altar of Gozag.
  2286 | D:3      | Found an ornate altar of the Wu Jian Council.
  2380 | D:3      | Became a worshipper of Gozag Ym Sagoz the Greedy
  2397 | D:3      | Noticed a bullfrog
  2398 | D:3      | Killed a bullfrog
  2399 | D:3      | Reached skill level 6 in Fighting
  2410 | D:3      | Gained mutation: You have a pair of antennae on your head.
                  | [demonic ancestry]
  2410 | D:3      | Reached XP level 5. HP: 43/47 MP: 5/5
  3042 | D:4      | Learned a level 2 spell: Call Imp
  3056 | D:4      | Reached skill level 7 in Fighting
  3105 | D:4      | Gained mutation: A weak demonic guardian rushes to your
                  | aid. [demonic ancestry]
  3105 | D:4      | Reached XP level 6. HP: 27/55 MP: 6/6
  3732 | D:5      | Entered Level 5 of the Dungeon
  3736 | D:5      | Noticed Eustachio
  3737 | D:5      | Noticed an ice beast
  3763 | D:4      | Killed an ice beast
  3995 | D:4      | Reached skill level 1 in Summonings
  4060 | D:5      | Killed Eustachio
  4061 | D:5      | Reached skill level 8 in Fighting
  4061 | D:5      | Reached skill level 1 in Spellcasting
  4061 | D:5      | Reached XP level 7. HP: 62/62 MP: 8/8
  4387 | D:5      | Reached skill level 9 in Fighting
  4432 | D:5      | Noticed Grinder
  4463 | D:5      | Paralysed by Grinder for 7 turns
  4471 | D:5      | Killed Grinder
  4472 | D:5      | Gained mutation: You regenerate a little health from kills.
                  | [demonic ancestry]
  4472 | D:5      | Reached XP level 8. HP: 26/71 MP: 9/11
  4707 | D:5      | Found a staircase to the Ecumenical Temple.
  5253 | D:6      | Noticed Edmund
  5262 | D:6      | Killed Edmund
  5263 | D:6      | Reached skill level 10 in Fighting
  5432 | D:6      | Noticed Pikel
  5773 | D:6      | Found a runed translucent door.
  5774 | D:6      | Noticed Crazy Yiuf
  5821 | D:6      | Killed Pikel
  5822 | D:6      | Reached skill level 11 in Fighting
  5981 | D:6      | Noticed Menkaure
  6243 | D:6      | Killed Menkaure
  6254 | D:6      | Reached XP level 9. HP: 44/81 MP: 7/13
  6737 | D:6      | Noticed a two-headed ogre
  6746 | D:6      | HP: 3/81 [two-headed ogre/+0 giant club (13)]
  6747 | D:6      | Killed a two-headed ogre
  7124 | D:6      | Reached skill level 5 in Summonings
  7422 | D:6      | Found a runed translucent door.
  7578 | D:6      | Noticed dickylongcocking's ghost (novice DjTm)
  7893 | D:7      | Reached skill level 5 in Spellcasting
  7951 | D:7      | Found a basalt altar of Yredelemnul.
  7951 | D:7      | Noticed Joseph
  7952 | D:7      | Noticed a boulder beetle
  7957 | D:7      | Found a shimmering altar of Xom.
  8010 | D:7      | HP: 4/81 [bullfrog (3)]
  8614 | D:7      | Killed from afar by a steam dragon

Illustrated notes

Levels and vault maps discovered:
D:1:      grunt_arrival_crossed_arrows, layout_loops_cross, serial_shops,
          shop_fountains
D:2:      layout_basic
D:3:      layout_rooms, gammafunk_temple_overflow_elements,
          guppyfry_early_orc_mine
D:4:      layout_cave_pools, skrybe_limestone_x
D:5:      layout_cave_pools, temple_green, uniq_grinder, uniq_eustachio
D:6:      layout_rooms, ebering_ghost_reflecting_pool, dk_vineyard_1,
          hangedman_minor_gate_pass, uniq_pikel, uniq_edmund,
          uniq_crazy_yiuf_cottage, uniq_menkaure
D:7:      layout_rooms, xom_butterflies, general_overflow_altar, minmay_bent,
          uniq_joseph

Skill      XL: |  1  2  3  4  5  6  7  8  9 |
---------------+----------------------------+-----
Fighting       | 5 6 7 8 9 11 | 11.6
Summonings     | 1 2 3 6 |  6.1
Spellcasting   | 1 2 3 5 |  5.5
Maces & Flails | |  1.0
Armour         | |  2.6
Stealth        | |  1.7

Action                   |  1- 3 |  4- 6 |  7- 9 || total
-------------------------+-------+-------+-------++-------
Melee: Dagger            |   171 |   129 |       ||   300
       Rapier            |       |       |   309 ||   309
 Cast: Call Imp          |       |       |    63 ||    63
Evoke: Wand              |       |       |     2 ||     2
  Use: Potion            |       |     1 |     6 ||     7
       Scroll            |       |       |     3 ||     3
 Stab: Sleeping          |     1 |       |     1 ||     2
       Distracted        |       |       |     4 ||     4
Armor: Ring mail         |    66 |    50 |   157 ||   273
Dodge: Dodged            |   120 |    90 |   192 ||   402

Table legend: (Time is in decaauts)
 A = Elapsed time spent in this place.
 B = Non-inter-level travel time spent in this place.
 C = Inter-level travel time spent in this place.
 D = Time resting spent in this place.
 E = Time spent auto-exploring this place.
 F = Levels seen in this place.
 G = Mean time per level.
                   A        B        C        D        E       F      G
               +--------+--------+--------+--------+--------+-----+--------+
         Total |   8700 |   8395 |    305 |    884 |   6129 |   7 | 1242.9 |
       Dungeon |   8700 |   8395 |    305 |    884 |   6129 |   7 | 1242.9 |
               +--------+--------+--------+--------+--------+-----+--------+

Top non-repeatable levels by time:
     D:6: 2807 daAuts
     D:5: 1693 daAuts
     D:1: 1191 daAuts
     D:4: 1133 daAuts
     D:2: 892 daAuts
     D:3: 802 daAuts
     D:7: 178 daAuts
